 Dungeon Crawl Stone Soup version 0.28.0-1-gb440e238dd (webtiles) character file.

Game seed: 6741173052955393835

23 horus123 the Bolt Thrower (level 2, 0/27 HPs)
             Began as a Minotaur Hunter on Feb 22, 2022.
             Slain by a goblin (1 damage)
             ... on level 2 of the Dungeon.
             The game lasted 00:01:23 (1052 turns).

horus123 the Bolt Thrower (Minotaur Hunter)         Turns: 1052, Time: 00:01:24

Health: 0/27       AC:  4    Str: 16    XL:     2   Next: 75%
Magic:  1/1        EV: 11    Int:  8    God:
Gold:   1198       SH:  0    Dex: 10    Spells: 1/1 levels left

rFire   . . .      SeeInvis .   a - +1 hand crossbow
rCold   . . .      Faith    .   (no shield)
rNeg    . . .      Spirit   .   c - +0 leather armour
rPois   .          Reflect  .   (helmet restricted)
rElec   .          Harm     .   e - +0 cloak
rCorr   .          Rampage  .   (no gloves)
Will    .....                   (no boots)
Stlth   +.........              (no amulet)
HPRegen 0.09/turn               (no ring)
MPRegen 0.07/turn               (no ring)

@: no status effects
A: horns 2, retaliatory headbutt
a: no special abilities


You were on level 2 of the Dungeon.
You visited 1 branch of the dungeon, and saw 2 of its levels.

You collected 1198 gold pieces.

Inventory:

Hand Weapons
 a - a +1 hand crossbow (weapon)
 b - a +0 short sword
Missiles
 d - 36 bolts (quivered ammo)
Armour
 c - a +0 leather armour (worn)
 e - a +0 cloak (worn)
Scrolls
 f - a scroll of fear {unknown}
 h - a scroll of torment {unknown}
Potions
 g - a potion of curing {unknown}


   Skills:
 + Level 4.1 Fighting
 - Level 4.3 Crossbows
 - Level 2.1 Dodging
 - Level 0.7 Stealth


You had one spell level left.
You didn't know any spells.
Your spell library contained the following spells:

 Spells                   Type           Power      Damage    Failure   Level
 Magic Dart               Conj           0%         1d3       47%         1


Dungeon Overview and Level Annotations

Branches:
Dungeon (2/15)

Altars:


Innate Abilities, Weirdness & Mutations

You have a pair of horns on your head.
You reflexively headbutt those who attack you in melee.


Message History

The worm is moderately wounded.
The worm bites you.
You hit the worm but do no damage.
The worm is lightly wounded.
Okay, then.
a - a +1 hand crossbow (weapon)
The worm bites you!
Fire: 41 bolts
Press: ? - help, Q - select action Shift-Dir - straight line, f - worm
Aim: a worm (lightly wounded, 81% to hit)
You shoot a bolt. The bolt hits the worm!
The worm is heavily wounded.
The worm bites you but does no damage.
Unknown command.
Fire: 40 bolts
Press: ? - help, Q - select action Shift-Dir - straight line, f/p - worm
Aim: a worm (heavily wounded, 81% to hit)
You shoot a bolt.
The bolt hits the worm but does no damage.
The worm is heavily wounded.
Fire: 39 bolts
Press: ? - help, Q - select action Shift-Dir - straight line, f/p - worm
Aim: a worm (heavily wounded, 81% to hit)
You shoot a bolt.
The bolt hits the worm but does no damage.
The worm is heavily wounded.
The worm bites you!
* * * LOW HITPOINT WARNING * * *
Fire: 38 bolts
Press: ? - help, Q - select action Shift-Dir - straight line, f/p - worm
Aim: a worm (heavily wounded, 81% to hit)
You shoot a bolt. The bolt hits the worm!
You kill the worm!
The goblin completely misses you.
Fire: 37 bolts
Press: ? - help, Q - select action Shift-Dir - straight line, f - goblin
Aim: a goblin, wielding a +0 club (59% to hit)
You shoot a bolt. The bolt barely misses the goblin.
The goblin hits you with a +0 club.
You die...

### #<# #.#
#.# #.# #@#
#g# ####.##
#.....#
#............
#.........##.
#.........K.#
#.....(.....#
#.............


You could see a goblin.

Vanquished Creatures
  A worm (D:2)
  3 bats (D:1)
  2 endoplasms (D:1)
  A giant cockroach (D:1)
  2 goblins (D:1)
  A hobgoblin (D:1)
  3 kobolds
  2 quokkas (D:1)
  2 rats
17 creatures vanquished.

Notes
Turn   | Place    | Note
-------+----------+-------------------------------------------
     0 | D:1      | horus123 the Minotaur Hunter began the quest for the Orb.
     0 | D:1      | Reached XP level 1. HP: 18/18 MP: 0/0
   106 | D:1      | Found a faded altar of an unknown god.
   327 | D:1      | Got Plato's Incunabulum of Attacks
   359 | D:1      | Identified a scroll of acquirement
   359 | D:1      | Acquired 1179 gold pieces
   467 | D:1      | Reached XP level 2. HP: 21/26 MP: 1/1
  1050 | D:2      | HP: 1/27 [worm (10)]
  1052 | D:2      | Slain by a goblin

Illustrated notes

Levels and vault maps discovered:
D:1:      nzn_arrival_water_spiral, layout_basic,
          shapermc_ecumenical_altar_rom_forum, minmay_misc_feat_cross
D:2:      layout_basic

Skill      XL: |  1  2 |
---------------+-------+-----
Fighting       | 3 4 |  4.1
Crossbows      | |  4.3
Dodging        | |  2.1
Stealth        | |  0.7

Action                   || total
-------------------------++-------
Melee: Short sword       ||    63
       Headbutt          ||     4
 Fire: Hand crossbow     ||     5
  Use: Scroll            ||     1
 Stab: Sleeping          ||     1
Armor: Leather armour    ||    15
Dodge: Dodged            ||    29
